 Dungeon Crawl Stone Soup version 0.28-a0-1032-ga8db75c868 (webtiles) character file.

Game seed: 570975260454974564

133 GregHouse the Chopper (level 5, 0/47 HPs)
             Began as a Hill Orc Monk on Dec 7, 2021.
             Was a Believer of Beogh.
             Slain by a scorpion (4 damage)
             ... on level 4 of the Dungeon.
             The game lasted 00:11:40 (4448 turns).

GregHouse the Chopper (Hill Orc Monk)               Turns: 4448, Time: 00:11:40

Health: 0/47       AC:  6    Str: 13 (16) XL:     5   Next: 16%
Magic:  5/5        EV: 11    Int:  8 (10) God:    Beogh [**....]
Gold:   91         SH:  0    Dex: 10 (13) Spells: 4/4 levels left

rFire   . . .      SeeInvis .   a - +0 hand axe
rCold   . . .      Faith    .   (no shield)
rNeg    . . .      Spirit   .   b - +0 ring mail
rPois   .          Reflect  .   (helmet restricted)
rElec   .          Harm     .   (no cloak)
rCorr   .          Rampage  .   (no gloves)
Will    .....                   f - +0 pair of boots
Stlth   +.........              (no amulet)
HPRegen 0.15/turn               (no ring)
MPRegen 0.09/turn               (no ring)

@: lethally poisoned (0 -> -5)
A: horns 1
a: Renounce Religion, Smiting


You were on level 4 of the Dungeon.
You worshipped Beogh.
Beogh was pleased with you.
You visited 1 branch of the dungeon, and saw 4 of its levels.

You collected 91 gold pieces.

Inventory:

Hand Weapons
 a - a +0 hand axe (weapon)
Armour
 b - a +0 ring mail (worn)
 f - a +0 pair of boots (worn)
Jewellery
 c - a ring of wizardry
 k - an amulet of guardian spirit
Scrolls
 e - 2 scrolls of identify
 g - 2 scrolls of immolation
 i - 2 scrolls of fear


   Skills:
 + Level 4.5 Fighting
 + Level 5.4 Axes
 + Level 2.0 Armour
 + Level 2.8 Dodging
 + Level 2.0 Stealth


You had 4 spell levels left.
You didn't know any spells.
Your spell library contained the following spells:

 Spells                   Type           Power      Damage    Failure   Level
 Sublimation of Blood     Necr           0%         N/A       80%         2
 Wereblood                Tmut           0%         N/A       80%         2
 Summon Hydra             Summ           0%         N/A       100%        7


Dungeon Overview and Level Annotations

Branches:
Dungeon (4/15)
 Temple: D:4-7

Altars:

Shops:
D:1 (

Annotations:
D:3 1 runed translucent door, Crazy Yiuf, Sigmund


Innate Abilities, Weirdness & Mutations

You have a pair of small horns on your head.


Message History

You closely miss the scorpion.
The scorpion is heavily wounded.
The scorpion closely misses you.
You hit the scorpion.
The scorpion is severely wounded.
The scorpion barely misses you.
You completely miss the scorpion. You headbutt the scorpion.
The scorpion is severely wounded.
The scorpion completely misses you.
You barely miss the scorpion.
The scorpion is severely wounded.
The scorpion stings you.
You are poisoned.
The scorpion poisons you!
The scorpion stings you but does no damage.
You closely miss the scorpion. Your headbutt misses the scorpion.
The scorpion is severely wounded.
You feel sick. The scorpion stings you.
You are more poisoned.
The scorpion poisons you!
You barely miss the scorpion.
The scorpion is severely wounded.
You feel very sick. The scorpion stings you.
* * * LOW HITPOINT WARNING * * *
You aren't carrying any potions.
You aren't carrying any potions.
You hit the scorpion.
The scorpion is almost dead.
* * * LOW HITPOINT WARNING * * *
You feel sick. The scorpion barely misses you.
You hit the scorpion but do no damage.
The scorpion is almost dead.
* * * LOW HITPOINT WARNING * * *
You feel sick. The scorpion barely misses you.
You hit the scorpion but do no damage. Your headbutt misses the scorpion.
The scorpion is almost dead.
* * * LOW HITPOINT WARNING * * *
You feel sick. The scorpion misses you. The scorpion stings you.
You die...

#### ###..#
#..).##
#<##..###
#.###..@# #.#
###s### ..#
#...#
..#######.#####
....J..........#
..........####.#
#.......s..
....... .......


You could see a scorpion.

Vanquished Creatures
  4 gnolls
  3 adders (D:2)
  An ufetubus (D:2)
  A worm (D:3)
  2 dart slugs (D:3)
  2 orcs
  6 bats
  5 endoplasms
  A giant cockroach (D:2)
  4 goblins
  3 hobgoblins
  2 jackals (D:2)
  5 quokkas
  8 ball pythons
  A frilled lizard (D:2)
  4 kobolds
  2 rats
54 creatures vanquished.

Vanquished Creatures (others)
  An orc priest (D:3)
  An orc wizard (D:3)
  An orc (D:3)
3 creatures vanquished.

Grand Total: 57 creatures vanquished

Notes
Turn   | Place    | Note
-------+----------+-------------------------------------------
     0 | D:1      | GregHouse the Hill Orc Monk began the quest for the Orb.
     0 | D:1      | Reached XP level 1. HP: 19/19 MP: 1/1
   275 | D:1      | Found a faded altar of an unknown god.
   306 | D:1      | Reached XP level 2. HP: 27/27 MP: 2/2
   732 | D:1      | Found Retera's Weapon Emporium.
   917 | D:3      | Reached XP level 3. HP: 7/33 MP: 3/3
  1470 | D:3      | Found a runed translucent door.
  1471 | D:3      | Noticed Crazy Yiuf
  1512 | D:3      | Became a worshipper of Beogh the Brigand
  1512 | D:3      | Reached * piety under Beogh
  1512 | D:3      | Reached ** piety under Beogh
  1551 | D:3      | Noticed a black bear
  2055 | D:1      | Reached skill level 5 in Axes
  2055 | D:1      | Reached XP level 4. HP: 16/41 MP: 4/4
  2302 | D:2      | Reached skill level 1 in Armour
  2974 | D:2      | Reached XP level 5. HP: 20/47 MP: 5/5
  3814 | D:3      | Noticed Sigmund
  4180 | D:3      | Gained mutation: You have a pair of small horns on your
                  | head. [potion of mutation]
  4448 | D:4      | Slain by a scorpion

Illustrated notes

Levels and vault maps discovered:
D:1:      wander_arrival_desolate, layout_loops_ring,
          hellmonk_ecumenical_altar_crossroads, serial_shops,
          nicolae_square_shop
D:2:      layout_loops_ring
D:3:      layout_rooms, uniq_sigmund, uniq_crazy_yiuf_cottage
D:4:      layout_rooms, kennysheep_windowed_goal, uniq_grinder

Skill      XL: |  1  2  3  4  5 |
---------------+----------------+-----
Fighting       | 4 |  4.5
Axes           | 5 |  5.4
Stealth        | 2 |  2.0
Armour         | 1 2 |  2.0
Dodging        | |  2.8

Action                   |  1- 3 |  4- 6 || total
-------------------------+-------+-------++-------
Melee: Hand axe          |   112 |   148 ||   260
       Headbutt          |       |     3 ||     3
Invok: Convert to Beogh  |     1 |       ||     1
  Use: Potion            |       |     3 ||     3
       Scroll            |       |     2 ||     2
 Stab: Sleeping          |     3 |       ||     3
Armor: Robe              |     3 |       ||     3
       Ring mail         |    22 |    64 ||    86
       Leather armour    |     1 |       ||     1
Dodge: Dodged            |    66 |    95 ||   161

Table legend: (Time is in decaauts)
 A = Elapsed time spent in this place.
 B = Non-inter-level travel time spent in this place.
 C = Inter-level travel time spent in this place.
 D = Time resting spent in this place.
 E = Time spent auto-exploring this place.
 F = Levels seen in this place.
 G = Mean time per level.
                   A        B        C        D        E       F      G
               +--------+--------+--------+--------+--------+-----+--------+
         Total |   4474 |   4153 |    321 |   1733 |   1301 |   4 | 1118.5 |
       Dungeon |   4474 |   4153 |    321 |   1733 |   1301 |   4 | 1118.5 |
               +--------+--------+--------+--------+--------+-----+--------+

Top non-repeatable levels by time:
     D:2: 2157 daAuts
     D:1: 1296 daAuts
     D:3: 787 daAuts
     D:4: 234 daAuts
